 Dungeon Crawl Stone Soup version 0.27.1-3-gb3d3a73c9e (webtiles) character file.

Game seed: 13922828922217645187

938 belegose the Chopper (level 7, -4/55 HPs)
             Began as a Demonspawn Gladiator on Oct 10, 2021.
             Was a Follower of Qazlal.
             Slain by a scorpion (6 damage)
             ... on level 5 of the Dungeon.
             The game lasted 00:11:03 (5526 turns).

belegose the Chopper (Demonspawn Gladiator)         Turns: 5526, Time: 00:11:04

Health: -4/55      AC:  8    Str: 17    XL:     7   Next: 87%
Magic:  9/9        EV:  9    Int:  9    God:    Qazlal [*.....]
Gold:   240        SH: 15    Dex: 14    Spells: 6/6 levels left

rFire    + . .     SeeInvis .   a - +0 war axe
rCold    . . .     Faith    .   x - +0 kite shield
rNeg     . . .     Spirit   .   w - +2 leather armour {rF+}
rPois    .         Reflect  +   c - +0 helmet
rElec    .         Harm     .   (no cloak)
rCorr    .         Rampage  .   y - +0 pair of gloves
Will     +....                  D - +0 pair of boots
Stlth    +.........             v - amulet of reflection
HPRegen  0.18/turn              e - ring of willpower
MPRegen  0.11/turn              (no ring)

@: lethally poisoned (-4 -> -13)
A: claws 1, powered by death 2
a: Renounce Religion


You were on level 5 of the Dungeon.
You worshipped Qazlal.
Qazlal was aware of your devotion.
You visited 2 branches of the dungeon, and saw 6 of its levels.

You collected 240 gold pieces.

Inventory:

Hand Weapons
 a - a +0 war axe (weapon)
 B - the +6 dagger "Wygal" {vamp, *Rage rElec rN+ Stlth+}
   (You found it on level 4 of the Dungeon)

   It occasionally heals its wielder for a portion of the damage dealt when it
   wounds a living foe.
   rElec:     It insulates you from electricity.
   rN:        It protects you from negative energy.
   *Rage:     It may make you go berserk in combat.
   Stlth:     It makes you more stealthy.
Missiles
 d - 3 throwing nets
 h - 180 stones
 l - 16 poisoned darts (quivered)
 u - 8 boomerangs
Armour
 c - a +0 helmet (worn)
 w - a +2 leather armour of fire resistance (worn)
 x - a +0 kite shield (worn)
 y - a +0 pair of gloves (worn)
 D - a +0 pair of boots (worn)
Jewellery
 e - a ring of willpower (left hand)
 v - an amulet of reflection (around neck)
Wands
 z - a wand of flame (5)
Scrolls
 b - a scroll of magic mapping {unknown}
 j - 4 scrolls of identify {unknown}
 k - a scroll of torment {unknown}
 o - a scroll of fear {unknown}
 p - a scroll of enchant armour {unknown}
 q - a scroll of holy word {unknown}
 s - 3 scrolls of enchant weapon {unknown}
 t - a scroll of vulnerability {unknown}
 C - a scroll of fog {unknown}
Potions
 f - a potion of cancellation
 g - 2 potions of might
 i - 2 potions of invisibility {unknown}
 m - 2 potions of curing {unknown}
 n - a potion of heal wounds {unknown}
 r - a potion of attraction {unknown}
 A - a potion of ambrosia {unknown}


   Skills:
 + Level 4.3 Fighting
 + Level 4.4 Axes
 + Level 4.0 Throwing
 + Level 3.3 Armour
 - Level 2.6 Dodging
 + Level 2.3 Shields
 + Level 3.3 Invocations
 + Level 1.2 Evocations


You had 6 spell levels left.
You didn't know any spells.
Your spell library contained the following spells:

 Spells                   Type           Power      Damage    Failure   Level
 Magic Dart               Conj           0%         1d3       94%         1
 Blink                    Tloc           N/A        N/A       98%         2
 Call Imp                 Summ           0%         N/A       98%         2
 Lesser Beckoning         Tloc           0%         N/A       100%        3
 Mephitic Cloud           Conj/Pois/Air  0%         N/A       100%        3
 Manifold Assault         Tloc           0%         N/A       100%        5


Dungeon Overview and Level Annotations

Branches:
Dungeon (5/15)             Temple (1/1) D:5

Altars:
Elyvilon
Fedhas
Nemelex Xobeh
Okawaru
Qazlal
Sif Muna


Innate Abilities, Weirdness & Mutations

You have sharp fingernails.
You regenerate health from kills.


Message History

The scorpion poisons you! The scorpion closely misses you.
You hit the scorpion.
The scorpion is heavily wounded.
You feel very sick.
The scorpion looks more healthy.
You block the scorpion's attack. The scorpion stings you.
You are more poisoned.
The scorpion poisons you!
You hit the scorpion.
The scorpion is severely wounded.
You feel extremely sick. The scorpion stings you.
You are more poisoned.
The scorpion poisons you!
Unknown command.
You closely miss the scorpion.
The scorpion is severely wounded.
You feel extremely sick. You block the scorpion's attack. x2
Unknown command.
You barely miss the scorpion.
The scorpion is severely wounded.
You feel very sick. You block the scorpion's attack. The scorpion stings you.
You are lethally poisoned!
The scorpion poisons you!
You hit the scorpion but do no damage.
The scorpion is severely wounded.
* * * LOW HITPOINT WARNING * * *
You feel extremely sick. You block the scorpion's attack.
The scorpion stings you.
* * * LOW HITPOINT WARNING * * *
Unknown command.
Unknown command.
You closely miss the scorpion.
The scorpion is severely wounded.
* * * LOW HITPOINT WARNING * * *
You feel very sick. The scorpion barely misses you. The scorpion stings you.
You die...

#....####.##...............
.............##...#.#......
###.....##...# #........
#.....###..##..#.#... .
........# #..#...#.### ..
##.....)###.....##...###...
#..............#........#
#............(##..>..##...
###.........#.s@).[..#....
........?.###...##....
........... ###.# ...
..............#.# .
.).......##...... ...>....
...#.#.. .........# .....
#........ #.##..


You could see a scorpion.

Vanquished Creatures
  Menkaure (D:4)
  Duvessa (D:4)
  A black bear (D:5)
  An ogre (D:4)
  Dowan (D:4)
  2 hounds
  A bullfrog skeleton (D:5)
  2 orc priests
  Jessica (D:2)
  A centaur skeleton (D:5)
  Ijyb (D:4)
  2 orc wizards
  An iguana (D:4)
  A hound skeleton (D:4)
  3 gnolls (D:4)
  2 adders
  2 ufetubi (D:4)
  2 adder skeletons (D:4)
  A worm (D:4)
  3 dart slugs
  14 orcs
  5 bats
  9 endoplasms
  A giant cockroach (D:4)
  6 goblins
  4 hobgoblins
  12 jackals
  A quokka (D:2)
  5 ball pythons
  6 frilled lizards
  2 kobolds (D:1)
  9 rats
104 creatures vanquished.

Notes
Turn   | Place    | Note
-------+----------+-------------------------------------------
     0 | D:1      | belegose the Demonspawn Gladiator began the quest for the
                  | Orb.
     0 | D:1      | Reached XP level 1. HP: 16/16 MP: 1/1
    38 | D:1      | Found a faded altar of an unknown god.
   418 | D:1      | Gained mutation: You have sharp fingernails. [demonic
                  | ancestry]
   418 | D:1      | Reached XP level 2. HP: 1/22 MP: 2/2
  1360 | D:2      | Noticed Jessica
  1366 | D:2      | Killed Jessica
  1367 | D:2      | Reached skill level 1 in Armour
  1367 | D:2      | Reached XP level 3. HP: 25/28 MP: 3/3
  1379 | D:2      | Got Jessica's Reference Book on Dislocation
  1952 | D:2      | Reached XP level 4. HP: 8/34 MP: 4/4
  2845 | D:3      | Gained mutation: You regenerate a little health from kills.
                  | [demonic ancestry]
  2845 | D:3      | Reached XP level 5. HP: 33/41 MP: 5/5
  3769 | D:4      | Found a stormy altar of Qazlal.
  3769 | D:4      | Found a blossoming altar of Fedhas.
  3790 | D:4      | Became a worshipper of Qazlal Stormbringer
  3909 | D:4      | Noticed Duvessa
  3909 | D:4      | Noticed Dowan
  3965 | D:4      | Noticed Ijyb
  3977 | D:4      | Killed Ijyb
  4126 | D:4      | Noticed an ogre
  4157 | D:4      | Killed an ogre
  4158 | D:4      | Reached skill level 1 in Invocations
  4158 | D:4      | Gained mutation: You regenerate health from kills. [demonic
                  | ancestry]
  4158 | D:4      | Reached XP level 6. HP: 16/47 MP: 5/7
  4391 | D:4      | Reached skill level 1 in Shields
  4423 | D:4      | Killed Duvessa
  4425 | D:4      | Killed Dowan
  4426 | D:4      | Reached XP level 7. HP: 12/53 MP: 8/8
  4641 | D:4      | Found a sparkling altar of Nemelex Xobeh.
  4643 | D:4      | Found an iron altar of Okawaru.
  4682 | D:4      | Noticed Menkaure
  4695 | D:4      | Killed Menkaure
  4914 | D:4      | Identified the +6 dagger "Wygal" {vamp, *Rage rElec rN+
                  | Stlth+}
  5137 | D:4      | Reached * piety under Qazlal
  5232 | D:5      | Entered Level 5 of the Dungeon
  5419 | D:5      | Found a staircase to the Ecumenical Temple.
  5436 | D:5      | Reached skill level 1 in Evocations
  5456 | Temple   | Entered the Ecumenical Temple
  5526 | D:5      | HP: 2/55 [poisoned by a scorpion]
  5526 | D:5      | Slain by a scorpion

Illustrated notes

Levels and vault maps discovered:
D:1:      giann_horns, layout_basic, chequers_ecumenical_altar_simple_redux
D:2:      layout_basic, kennysheep_jessica_study
D:3:      layout_basic, minmay_misc_feat_secret_circle
D:4:      minmay_diamond_boxcup, layout_basic,
          grunt_temple_overflow_forces_of_nature,
          mainiacjoe_overflow_catwalk_spiral, uniq_menkaure, uniq_duvessa,
          uniq_ijyb
D:5:      layout_cave_pools, lemuel_round_altar, lemuel_coloured_pillars_altar,
          trog_butcher_becter, minmay_temple_entry_slanted
Temple:   compressed_dpeg_triangle_lava_temple

Skill      XL: |  1  2  3  4  5  6  7 |
---------------+----------------------+-----
Throwing       | 2 3 4 |  4.0
Axes           | 3 4 |  4.4
Armour         | 1 2 3 |  3.3
Fighting       | 3 4 |  4.3
Invocations    | 1 2 3 |  3.3
Shields        | 1 2 |  2.3
Evocations     | 1 |  1.2
Dodging        | |  2.6

Action                   |  1- 3 |  4- 6 |  7- 9 || total
-------------------------+-------+-------+-------++-------
Melee: War axe           |    97 |   141 |    99 ||   337
Throw: Dart              |       |     6 |     2 ||     8
Evoke: Wand              |       |       |     5 ||     5
  Use: Potion            |       |     2 |       ||     2
Armor: Leather armour    |    39 |    39 |    36 ||   114
Dodge: Dodged            |    79 |    84 |    37 ||   200
Block: Other             |       |    17 |       ||    17
       Kite shield       |       |    39 |    92 ||   131
       Reflection        |       |     3 |     1 ||     4
